 Dungeon Crawl Stone Soup version 0.20.0-8-g6b59dc7 (webtiles) character file.

38206 nubinia the Destroyer (level 14, -12/80 HPs)
             Began as a Gargoyle Venom Mage on May 29, 2017.
             Was a High Priest of Vehumet.
             Mangled by Thomus's ghost (33 damage)
             ... on level 6 of the Lair of Beasts on June 1, 2017.
             The game lasted 02:32:19 (19273 turns).

nubinia the Destroyer (Gargoyle Venom Mage)        Turns: 19273, Time: 02:32:20

Health: -12/80     AC: 21    Str: 13    XL:     14   Next: 1%
Magic:  13/27      EV: 14    Int: 20    God:    Vehumet [*****.]
Gold:   868        SH:  0    Dex: 13    Spells: 6/32 levels left

rFire    . . .     SeeInvis .   R - +1 whip (flame)
rCold    . . .     Gourm    .   (no shield)
rNeg     + . .     Faith    .   V - +0 troll leather armour
rPois    ∞         Spirit   .   O - +0 helmet
rElec    +         Reflect  .   Z - +1 cloak {+Inv}
rCorr    .         Harm     .   m - +1 pair of gloves
MR       +....                  (no boots)
Stlth    ++++......             (no amulet)
Regen    0.7/turn               p - +3 ring of dexterity
MPRegen  0.2/turn               M - +2 ring of protection

@: flying
A: big wings, negative energy resistance 1, electricity resistance, unbreathing,
petrification resistance, rot immunity, AC +9
a: Stop Flying, Renounce Religion, Evoke Invisibility


You were on level 6 of the Lair of Beasts.
You worshipped Vehumet.
Vehumet was extremely pleased with you.
You were hungry.

You visited 3 branches of the dungeon, and saw 18 of its levels.

You collected 868 gold pieces.

Inventory:

Hand Weapons
 t - a +0 mace
 N - the +5 rapier of Analysis {drain, rElec rPois rC+++ Dex-2}
   (You found it on level 7 of the Dungeon)

   A truly terrible weapon, it drains the life of those it strikes.
   It affects your dexterity (-2).
   It renders you almost immune to cold.
   It insulates you from electricity.
   It protects you from poison.
 R - a +1 whip of flaming (weapon)
Missiles
 Q - 168 stones (quivered)
Armour
 m - a +1 pair of gloves (worn)
 L - a +1 shield of positive energy
 O - a +0 helmet (worn)
 V - a +0 troll leather armour (worn)
 W - a scarf of resistance
 Z - a +1 cloak of invisibility (worn)
Jewellery
 p - a +3 ring of dexterity (left hand)
 q - an uncursed ring of positive energy
 E - a +3 ring of dexterity
 M - a +2 ring of protection (right hand)
 Y - an uncursed ring of protection from fire
Wands
 z - a wand of iceblast (3/15)
 D - a wand of digging (8/24)
 G - a wand of flame (3/48)
 J - a wand of iceblast (8/15)
 X - a wand of scattershot (2/9)
Scrolls
 a - 4 scrolls of enchant weapon
 b - a scroll of summoning
 d - 6 scrolls of remove curse
 g - 5 scrolls of identify
 h - 3 scrolls of fear
 k - 3 scrolls of amnesia
 l - 7 scrolls of teleportation
 o - 2 scrolls of enchant armour
 v - 2 scrolls of recharging
 y - 4 scrolls of immolation
 H - a scroll of blinking
 S - a scroll of fog
 U - 2 scrolls of magic mapping
Potions
 e - a potion of cancellation
 i - a potion of ambrosia
 n - a potion of flight
 s - 3 potions of magic
 w - a potion of resistance
 x - 7 potions of curing
 B - 2 potions of haste
 C - 3 potions of brilliance
 F - 3 potions of might
 I - a potion of heal wounds
 K - a potion of agility
Books
 f - a book of the Dragon

   Spells                             Type                      Level
   a - Flame Tongue                   Conjuration/Fire             1
   b - Cause Fear                     Hexes                        4
   c - Bolt of Fire                   Conjuration/Fire             6
   d - Dragon Form                    Transmutation                7
   e - Dragon's Call                  Summoning                    9
Miscellaneous
 P - a box of beasts
Comestibles
 c - 2 bread rations
 j - 7 royal jellies
 r - 2 meat rations


   Skills:
 + Level 6.8 Fighting
 + Level 9.5 Maces & Flails
 + Level 4.0 Armour
 + Level 5.5 Dodging
 + Level 8.0 Stealth
 + Level 9.9 Spellcasting
 * Level 10.0 Conjurations
 + Level 1.3 Transmutations
 * Level 8.0 Fire Magic
 + Level 4.9 Air Magic
 + Level 4.1 Earth Magic
 - Level 6.5 Poison Magic
 + Level 2.0 Evocations


You had 6 spell levels left.
You knew the following spells:

 Your Spells              Type           Power        Failure   Level  Hunger
a - Throw Flame           Conj/Fire      #####.       1%          2    None
b - Sting                 Conj/Pois      ####         1%          1    None
c - Mephitic Cloud        Conj/Pois/Air  #####...     1%          3    None
d - Sandblast             Erth           ####..       1%          1    None
e - Olgreb's Toxic Radia  Pois           #####...     1%          4    ##.....
f - Poisonous Vapours     Pois/Air       ####..       1%          2    None
g - Conjure Flame         Conj/Fire      #####...     1%          3    None
i - Inner Flame           Hex/Fire       ####....     1%          3    None
j - Ignite Poison         Fire/Tmut/Pois ####....     1%          3    None
s - Sticky Flame          Conj/Fire      #####...     1%          4    ##.....


Dungeon Overview and Level Annotations

Branches:
Dungeon (11/15)            Temple (1/1) D:6            Lair (6/6) D:10
 Shoals (0/4) Lair:3        Snake (0/4) Lair:3        Slime (0/5) Lair:5
    Orc: D:9-12

Altars:
Ashenzari
Cheibriados
Dithmenos
Elyvilon
Fedhas
Gozag
Hepliaklqana
Kikubaaqudgha
Makhleb
Nemelex Xobeh
Okawaru
Qazlal
Ru
Sif Muna
Trog
Uskayaw
Vehumet
Xom
Yredelemnul
Zin
The Shining One

Shops:
D:5 !   D:8 ?   D:11 *

Annotations:
D:9 1 exclusion
Lair:5 exclusion: 5 oklob plants
Lair:6 Thomus's ghost, journeyman MiBe


Innate Abilities, Weirdness & Mutations

You are resistant to torment.
Your stone body is resilient. (AC +9)
You are immune to poison.
Your large and strong wings let you fly indefinitely.
You resist negative energy. (rN+)
You are resistant to electric shocks. (rElec)
You can survive without breathing.
You are immune to petrification.
You are immune to rotting.


Message History

The catoblepas is engulfed in noxious fumes.
The catoblepas appears confused.
The death yak is engulfed in calcifying dust.
The yak bellows!
The plant is engulfed in calcifying dust.
The plant is no longer petrified.
The catoblepas seems less confused.
Thomus's ghost laughs crazily.
The death yak is no longer petrified.
Thomus's ghost hits you!!
The catoblepas breathes a plume of calcifying dust at you.
The blast of calcifying dust hits the yak.
The blast of calcifying dust hits you!
The death yak snorts and paws the ground.
The death yak is engulfed in calcifying dust.
The death yak is moving more slowly.
Thomus's ghost hits you!!
* * * LOW HITPOINT WARNING * * *
Thomus's ghost hits you!!
You die...

##...... ######### ### ##.......
##.#..#..#####.### ###........
...........P#....## #.......#.#
..........P......P#####.......###
..[...............P#.........##
.......................(......##
...........................##..#
................@.......P#######
................W.........#
...................#.....##
..............#...<.....P###
........P..................#
......####.................##
.......# #P.........#.......#
.....PP# ###................##
......P# ###.........#.......## #


You could see Thomus's ghost.

Vanquished Creatures
  Snorg (Lair:3)
  Harold (Lair:2)
  2 catoblepae
  2 hydras
  A two-headed ogre (D:8)
  4 death yaks
  Pikel (D:7)
  A manticore (Lair:6)
  Joseph (D:8)
  5 elephants (Lair:4)
  3 black mambas
  Maurice (D:9)
  11 spiny frogs
  8 komodo dragons
  2 rime drakes
  2 trolls
  2 polar bears
  20 blink frogs
  5 hippogriffs
  A human (D:8)
  2 wyverns
  32 yaks
  4 hogs (D:8)
  A basilisk (Lair:6)
  2 hungry ghosts (D:8)
  2 nagas (Lair:3)
  Duvessa (D:5)
  11 porcupines
  9 water moccasins
  2 orc warriors
  3 sky beasts
  An ice beast (D:7)
  A hornet zombie (D:9)
  2 necrophages (D:7)
  3 ogres
  A phantom (D:9)
  36 wolves (Lair:2)
  2 centaurs
  17 crocodiles
  10 bullfrogs
  Dowan (D:5)
  5 scorpions
  8 killer bees (D:10)
  8 howler monkeys
  2 electric eels (Lair:3)
  A centaur zombie (D:5)
  5 crimson imps
  A quasit (D:9)
  9 hounds
  15 orc wizards
  7 jellies
  5 orc priests
  2 centaur skeletons
  Crazy Yiuf (D:7)
  3 iguanas
  9 worker ants
  A killer bee zombie (D:9)
  2 hound skeletons
  11 gnolls
  A howler monkey skeleton (D:7)
  16 adders
  5 shadow imps
  An adder zombie (D:8)
  4 adder skeletons
  4 worms
  8 leopard geckos
  35 orcs
  8 bats
  8 giant cockroaches
  14 hobgoblins
  11 jackals
  12 kobolds
  5 quokkas
  7 frilled lizards
  A goblin (D:2)
  A leopard gecko skeleton (D:6)
  A quokka skeleton (D:4)
  11 rats
  2 fungi
467 creatures vanquished.

Vanquished Creatures (collateral kills)
  2 killer bees (D:10)
  An orc priest (D:10)
3 creatures vanquished.

Vanquished Creatures (others)
  A worm (D:6)
  2 fungi
  17 plants
20 creatures vanquished.

Grand Total: 490 creatures vanquished

Notes
Turn   | Place    | Note
-------+----------+-------------------------------------------
     0 | D:1      | nubinia the Gargoyle Venom Mage began the quest for the Orb.
     0 | D:1      | Reached XP level 1. HP: 10/10 MP: 3/3
   316 | D:1      | Reached XP level 2. HP: 15/15 MP: 1/5
   776 | D:1      | Learned a level 2 spell: Poisonous Vapours
  1394 | D:1      | Reached XP level 3. HP: 19/19 MP: 3/6
  2254 | D:2      | Reached XP level 4. HP: 24/24 MP: 2/8
  2652 | D:3      | Reached skill level 2 in Conjurations
  2771 | D:3      | Learned a level 3 spell: Mephitic Cloud
  2814 | D:3      | Reached skill level 1 in Maces & Flails
  2814 | D:3      | Reached XP level 5. HP: 3/28 MP: 1/9
  3097 | D:2      | Reached XP level 6. HP: 17/33 MP: 3/11
  3413 | D:2      | Reached skill level 1 in Fighting
  4431 | D:4      | Reached XP level 7. HP: 32/39 MP: 12/12
  4619 | D:4      | Reached skill level 1 in Air Magic
  5334 | D:5      | Entered Level 5 of the Dungeon
  5529 | D:5      | Found a blossoming altar of Fedhas.
  5608 | D:5      | Noticed Duvessa
  5608 | D:5      | Noticed Dowan
  5819 | D:5      | Killed Duvessa
  5819 | D:5      | Reached XP level 8. HP: 36/45 MP: 1/14
  6058 | D:5      | Killed Dowan
  6402 | D:5      | Reached skill level 5 in Poison Magic
  6792 | D:5      | Found Xaynuegg's Distillery.
  6974 | D:5      | Found an opulent altar of Gozag.
  7252 | D:6      | Reached skill level 5 in Spellcasting
  7955 | D:6      | Reached skill level 5 in Maces & Flails
  7955 | D:6      | Reached XP level 9. HP: 50/50 MP: 9/16
  8028 | D:6      | Found a hide-covered altar of Uskayaw.
  8328 | D:7      | Got a scorched rapier
  8329 | D:7      | Identified the +5 rapier of Analysis {drain, rElec rPois rC+++ Dex-2} (You found it on level 7 of the Dungeon)
  8864 | D:6      | Found a staircase to the Ecumenical Temple.
  8873 | Temple   | Entered the Ecumenical Temple
  8942 | Temple   | Became a worshipper of Vehumet
  9043 | D:7      | You fall through a shaft for 3 floors!
  9043 | D:10     | Entered Level 10 of the Dungeon
  9097 | D:10     | Noticed a troll
  9140 | D:10     | Killed a troll
  9140 | D:10     | Reached skill level 3 in Conjurations
  9381 | D:10     | Found a staircase to the Lair.
  9444 | D:8      | Found a sparkling altar of Nemelex Xobeh.
  9444 | D:8      | Found a shattered altar of Ashenzari.
  9456 | D:8      | Noticed Joseph
  9481 | D:8      | Killed Joseph
  9538 | D:8      | Reached XP level 10. HP: 25/56 MP: 6/18
  9653 | D:8      | Reached * piety under Vehumet
  9653 | D:8      | Offered knowledge of Sandblast by Vehumet.
  9656 | D:8      | Learned a level 1 spell: Sandblast
  9739 | D:8      | Reached skill level 5 in Stealth
  9795 | D:8      | Reached skill level 1 in Earth Magic
 10041 | D:8      | Noticed a two-headed ogre
 10076 | D:7      | Noticed Pikel
 10093 | D:7      | Killed Pikel
 10237 | D:7      | Upgraded the game from 0.20.0-7-g3b7b877 to 0.20.0-8-g6b59dc7
 10299 | D:7      | Learned a level 4 spell: Olgreb's Toxic Radiance
 10302 | D:7      | Reached skill level 4 in Conjurations
 10333 | D:7      | Found a burning altar of Makhleb.
 10492 | D:7      | Found a runed door.
 10582 | D:7      | Learned a level 2 spell: Throw Flame
 10888 | D:7      | Noticed Crazy Yiuf
 10897 | D:7      | Killed Crazy Yiuf
 11107 | D:8      | Killed a two-headed ogre
 11107 | D:8      | Reached skill level 5 in Fighting
 11107 | D:8      | Reached skill level 1 in Fire Magic
 11127 | D:8      | Found Bailaoja's Magic Scroll Shoppe.
 11961 | D:9      | Reached skill level 5 in Conjurations
 12038 | D:9      | Reached XP level 11. HP: 61/64 MP: 7/20
 12148 | D:9      | Offered knowledge of Shock by Vehumet.
 12155 | D:9      | Reached ** piety under Vehumet
 12204 | D:9      | Noticed Maurice
 12205 | D:9      | Paralysed by Maurice for 4 turns
 12216 | D:9      | Paralysed by Maurice for 5 turns
 12244 | D:9      | Killed Maurice
 12391 | D:9      | Found a deep blue altar of Sif Muna.
 12628 | D:10     | Reached skill level 1 in Armour
 12700 | D:10     | Identified the Almanac of Supportive Air
 12709 | D:10     | Learned a level 3 spell: Conjure Flame
 13016 | D:10     | Offered knowledge of Throw Frost by Vehumet.
 13016 | D:10     | Reached skill level 6 in Conjurations
 13315 | D:11     | Found Seas's Assorted Antiques.
 13414 | Lair:1   | Entered Level 1 of the Lair of Beasts
 13469 | Lair:1   | Reached *** piety under Vehumet
 13619 | Lair:1   | Noticed a five-headed hydra
 13631 | Lair:1   | Reached skill level 1 in Evocations
 13631 | Lair:1   | Killed a five-headed hydra
 13772 | Lair:1   | Learned a level 4 spell: Sticky Flame
 13776 | Lair:1   | Learned a level 3 spell: Inner Flame
 14127 | Lair:2   | Offered knowledge of Airstrike by Vehumet.
 14136 | Lair:2   | Reached XP level 12. HP: 66/69 MP: 12/23
 14138 | Lair:2   | Noticed Harold
 14143 | Lair:2   | Reached **** piety under Vehumet
 14156 | Lair:2   | Reached skill level 7 in Conjurations
 14190 | Lair:2   | Killed Harold
 14361 | Lair:2   | Offered knowledge of Ignite Poison by Vehumet.
 14385 | Lair:2   | Reached skill level 5 in Fire Magic
 14566 | Lair:2   | Noticed a four-headed hydra
 14572 | Lair:2   | Learned a level 3 spell: Ignite Poison
 14577 | Lair:2   | Killed a four-headed hydra
 15288 | Lair:3   | Found a staircase to the Shoals.
 15340 | Lair:3   | Reached skill level 5 in Dodging
 15346 | Lair:3   | Reached skill level 1 in Transmutations
 15512 | Lair:3   | Noticed a catoblepas
 15523 | Lair:3   | Noticed Snorg
 15535 | Lair:3   | Killed a catoblepas
 15535 | Lair:3   | Reached skill level 8 in Conjurations
 15558 | Lair:3   | Killed Snorg
 15595 | Lair:3   | Found a staircase to the Snake Pit.
 15762 | Lair:3   | Reached XP level 13. HP: 69/74 MP: 21/25
 15826 | Lair:3   | Reached ***** piety under Vehumet
 16152 | Lair:4   | Offered knowledge of Bolt of Fire by Vehumet.
 17636 | Lair:5   | Found a staircase to the Slime Pits.
 17840 | Lair:5   | Reached skill level 9 in Conjurations
 17849 | Lair:6   | Entered Level 6 of the Lair of Beasts
 18158 | Lair:6   | Noticed Thomus's ghost (journeyman MiBe)
 19039 | Lair:6   | Reached skill level 10 in Conjurations
 19039 | Lair:6   | Gained mutation: Your large and strong wings let you fly indefinitely. [Gargoyle growth]
 19039 | Lair:6   | Reached XP level 14. HP: 64/80 MP: 11/27
 19273 | Lair:6   | Mangled by Thomus's ghost

Skill      XL: |  1  2  3  4  5  6  7  8  9 10 11 12 13 |
---------------+----------------------------------------+-----
Conjurations   | 2 3 5 6 8 10 | 10.0
Spellcasting   | 3 4 5 6 7 8 9 |  9.9
Maces & Flails | 1 2 3 5 6 7 8 9 |  9.5
Dodging        | 2 3 4 5 |  5.5
Poison Magic   | 4 5 6 |  6.5
Fighting       | 1 2 3 4 5 6 |  6.8
Stealth        | 3 4 5 6 7 8 |  8.0
Air Magic      | 1 2 3 4 |  4.9
Earth Magic    | 3 4 |  4.1
Fire Magic     | 2 4 6 8 |  8.0
Armour         | 2 3 4 |  4.0
Evocations     | 1 2 |  2.0
Transmutations | 1 |  1.3

Action                   |  1- 3 |  4- 6 |  7- 9 | 10-12 | 13-15 || total
-------------------------+-------+-------+-------+-------+-------++-------
Melee: Club              |    39 |    83 |       |       |       ||   122
       Mace              |       |    94 |   510 |    67 |       ||   671
       Whip              |       |       |       |   648 |   394 ||  1042
 Cast: Sting             |    81 |    35 |    26 |     2 |     3 ||   147
       Poisonous Vapours |     6 |    20 |    84 |    34 |    22 ||   166
       Mephitic Cloud    |       |     3 |    13 |    49 |    17 ||    82
       Throw Flame       |       |       |       |    65 |    90 ||   155
       Sandblast         |       |       |       |    40 |     4 ||    44
       Olgreb's Toxic Ra |       |       |       |    35 |    16 ||    51
       Sticky Flame      |       |       |       |     7 |    35 ||    42
       Conjure Flame     |       |       |       |     3 |     3 ||     6
       Ignite Poison     |       |       |       |     9 |     1 ||    10
 Abil: Evoke Invisibilit |       |       |       |     1 |       ||     1
       Fly               |       |       |       |       |     1 ||     1
Evoke: Wand              |       |       |     4 |    16 |     5 ||    25
  Use: Scroll            |     2 |     2 |    10 |    15 |     1 ||    30
       Potion            |     1 |     3 |     1 |     1 |     1 ||     7
 Stab: Confused          |       |     3 |     8 |    28 |     4 ||    43
       Sleeping          |       |     5 |     3 |     5 |     4 ||    17
       Distracted        |       |     1 |     1 |       |     1 ||     3
       Petrified         |       |       |       |       |    18 ||    18
  Eat: Chunk             |     6 |     8 |    20 |    29 |    14 ||    77
       Royal jelly       |       |       |       |     1 |       ||     1
Armor: Robe              |    14 |    91 |   167 |    57 |       ||   329
       Troll leather arm |       |       |       |   201 |   137 ||   338
Dodge: Dodged            |    24 |   143 |   338 |   352 |   204 ||  1061
